Map: Prion Terraces

Players

Chubz

  • Race: Protoss Protoss
  • League: Master

Kelazhur - Winner!

  • Race: Terran Terran
  • League: Master

Event: DreamHack ZOWIE Open Leipzig

VOD

Have the link to the VOD?

Description

Time

  • Played on: Jan. 22, 2016, 7:27 p.m.
  • Length: 4:51

All games in this series

Show
View Real Time Build Order
Export as new Build Order

Chubz Protoss 

Build Orders: 1 Gate Expand, Oracle Opening 

Get SALT Encoding   

  12  0:01  Probe (Chrono Boost)  
  13  0:11  Probe (Chrono Boost)  
  14  0:17  Pylon  
  14  0:22  Probe (Chrono Boost)  
  16  0:35  Probe (Chrono Boost)  
  16  0:37  Gateway  
  16  0:40  Assimilator  
  16  0:47  Probe (Chrono Boost)  
  17  0:57  Probe (Chrono Boost)  
  18  1:08  Probe (Chrono Boost)  
  19  1:18  Nexus  
  19  1:21  Probe (Chrono Boost)  
  20  1:31  Cybernetics Core  
  20  1:34  Probe (Chrono Boost)  
  21  1:42  Zealot (Chrono Boost)  
  23  1:48  Pylon  
  23  2:00  Assimilator  
  23  2:08  Stalker (Chrono Boost)  
  25  2:09  Warp Gate  
  25  2:12  Probe  
  26  2:29  Probe  
  27  2:32  Probe (Chrono Boost)  
  28  2:42  Mothership Core (Chrono Boost)  
  30  2:44  Probe (Chrono Boost)  
  31  2:55  Probe (Chrono Boost), Adept  
  34  3:00  Probe (Chrono Boost)  
  36  3:05  Probe (Chrono Boost)  
  36  3:11  Probe (Chrono Boost)  
  37  3:16  Probe (Chrono Boost)  
  37  3:17  Stargate  
  38  3:21  Probe (Chrono Boost)  
  38  3:26  Probe (Chrono Boost)  
  40  3:32  Probe (Chrono Boost)  
  41  3:36  Pylon  
  41  3:37  Probe (Chrono Boost)  
  40  3:43  Probe (Chrono Boost), Gateway  
  40  3:45  Gateway  
  40  3:48  Probe (Chrono Boost)  
  42  3:51  Pylon  
  38  3:59  Oracle (Chrono Boost)  
  38  4:01  Probe  
  36  4:03  Probe  
  34  4:13  Probe  
Show
View Real Time Build Order
Export as new Build Order

Kelazhur Terran - Winner!

Build Orders:  

Get SALT Encoding   

  12  0:00  SCV  
  13  0:13  SCV  
  14  0:18  Supply Depot  
  14  0:25  SCV  
  15  0:39  SCV  
  16  0:43  Barracks  
  16  0:46  Refinery  
  16  0:51  SCV  
  17  0:58  Refinery  
  17  1:03  SCV  
  18  1:15  SCV  
  19  1:29  Orbital Command  
  19  1:30  Reaper  
  20  1:32  Supply Depot  
  20  1:43  Ghost Academy  
  20  1:57  SCV  
  21  2:03  Barracks Tech Lab  
  21  2:09  SCV  
  22  2:19  Personal Cloaking  
  22  2:21  SCV  
  23  2:28  Ghost  
  24  2:34  SCV  
  25  2:39  Barracks  
  25  2:46  SCV  
  26  2:54  Barracks  
  26  2:58  Ghost  
  26  3:01  SCV  
  29  3:08  Supply Depot  
  29  3:13  SCV  
  30  3:26  SCV  
  31  3:29  Ghost  
  31  3:30  Marine  
  34  3:37  Engineering Bay  
  34  3:46  SCV  
  35  3:59  Ghost  
  35  4:01  SCV  
  38  4:19  Command Center, Barracks Reactor, Barracks Tech Lab  
  38  4:21  SCV  
  39  4:46  Supply Depot  

Tags
 
Add a new tag
Caveats
  • Supply blocks, unpowered buildings, or Contaminate may cause inaccurate times.
  • Supply counts are checked every 10 seconds.